 Dungeon Crawl Stone Soup version 0.30.1-4-g462c640d31 (webtiles) character file.

Game seed: 10810515763468475384

9998 wingedge the Magician (level 11, 0/85 HPs)
             Began as a Demigod Earth Elementalist on Sept 1, 2023.
             Killed from afar by a molten gargoyle (32 damage)
             ... with a bolt of magma
             ... on level 10 of the Dungeon.
             The game lasted 00:40:35 (14280 turns).

wingedge the Magician (Demigod Earth Elementalist) Turns: 14280, Time: 00:40:36

Health: 0/85       AC: 13    Str: 13    XL:     11   Next: 9%
Magic:  3/25       EV: 11    Int: 25    God:
Gold:   650        SH:  6    Dex: 14    Spells: 8/23 levels left

rFire   . . .        a - staff of earth
rCold   . . .        Q - +1 buckler {AC+3}
rNeg    . . .        e - +0 acid dragon scales
rPois   +            (no helmet)
rElec   .            T - +0 cloak
rCorr   +            L - +0 pair of gloves
SInv    .            u - +0 pair of boots
Will    +....        x - amulet of regeneration
Stlth   ++           p - ring of poison resistance
HPRegen 1.14/turn    c - +4 ring of slaying
MPRegen 0.19/turn

%: no passive effects
@: no status effects
A: high MP 1, forlorn, divine attributes
a: no special abilities


You were on level 10 of the Dungeon.
You visited 1 branch of the dungeon, and saw 10 of its levels.

You collected 850 gold pieces.
You spent 200 gold pieces at shops.

Inventory:

Hand Weapons
 b - the +4 rapier of Doom {drain, Str+3 Dex+3}
   (You found it on level 9 of the Dungeon)

   Str:       It affects your strength (+3).
   Dex:       It affects your dexterity (+3).
 l - a +2 antimagic short sword
 n - a +0 demon whip of venom
Missiles
 f - 5 curare-tipped darts
 N - 14 poisoned darts
 O - 2 throwing nets
Armour
 e - +0 acid dragon scales (worn)
 u - a +0 pair of boots (worn)
 B - a +0 robe
 G - a +0 ring mail
 L - a +0 pair of gloves (worn)
 Q - a +1 buckler of protection (worn)
 T - a +0 cloak (worn)
Magical Staves
 a - a staff of earth (weapon)
 d - a staff of death
Jewellery
 c - a +4 ring of slaying (right hand)
 p - a ring of poison resistance (left hand)
 s - a ring of see invisible
 x - an amulet of regeneration (around neck)
 R - a ring of protection from cold
Wands
 w - a wand of digging (6)
 P - a wand of mindburst (6)
 S - a wand of quicksilver (1)
Scrolls
 j - 3 scrolls of poison
 m - 3 scrolls of enchant weapon
 r - 3 scrolls of immolation
 t - a scroll of enchant armour {unknown}
 y - 3 scrolls of fog
 A - 3 scrolls of magic mapping
 C - a scroll of fear {unknown}
 D - a scroll of blinking {unknown}
 J - 2 scrolls of brand weapon {unknown}
 M - a scroll of silence {unknown}
 V - a scroll of vulnerability {unknown}
Potions
 g - 3 potions of might {unknown}
 h - 2 potions of invisibility {unknown}
 i - 2 potions of attraction {unknown}
 k - 5 potions of mutation
 o - 3 potions of berserk rage {unknown}
 q - 5 potions of curing
 v - a potion of ambrosia {unknown}
 E - 2 potions of resistance {unknown}
 F - a potion of cancellation {unknown}
 H - 2 potions of heal wounds
 I - 4 potions of degeneration {unknown}
 K - a potion of brilliance {unknown}
 W - a potion of magic
 X - a potion of haste
 Y - a potion of lignification {unknown}
Miscellaneous
 U - a box of beasts (inert) (quivered)


   Skills:
 + Level 4.6 Fighting
 + Level 4.3 Armour
 - Level 2.0 Dodging
 - Level 4.0 Stealth
 * Level 3.9 Shields
 + Level 6.8 Spellcasting
 + Level 6.2 Conjurations
 + Level 0.8 Necromancy
 - Level 0.8 Transmutations
 + Level 5.4 Ice Magic
 - Level 4.0 Air Magic
 + Level 6.3 Earth Magic
 + Level 4.2 Poison Magic


You had 8 spell levels left.
You knew the following spells:

 Your Spells              Type           Power      Damage    Failure   Level
a - Sandblast             Erth           100%       2d20      1%          1
b - Stone Arrow           Conj/Erth      100%       3d13      3%          3
c - Passwall              Tmut/Erth      32%        N/A       4%          2
d - Ozocubu's Armour      Ice            35%        N/A       4%          3
e - Poisonous Vapours     Pois/Air       58%        N/A       3%          2
f - Olgreb's Toxic Radia  Pois           29%        N/A       22%         4

Your spell library contained the following spells:

 Spells                   Type           Power      Damage    Failure   Level
 Shock                    Conj/Air       100%       1d9       1%          1
 Sting                    Tmut/Pois      84%        1d7       4%          1
 Swiftness                Air            28%        N/A       8%          3
 Airstrike                Air            14%        2d(2-18)  26%         4
 Petrify                  Tmut/Erth      39%        N/A       30%         4
 Ozocubu's Refrigeration  Ice            17%        4d11      100%        7


Dungeon Overview and Level Annotations

Branches:
Dungeon (10/15)            Temple (0/1) D:6            Lair (0/5) D:10
    Orc: D:9-12

Shops:
D:2 :   D:6 (   D:8 =

Annotations:
D:10 Secret upstairs?


Innate Abilities, Weirdness & Mutations

You have an increased reservoir of magic. (+10% MP)
You shall have no god before yourself.
Your divine heritage dramatically boosts your attributes as you level up.


Message History

Your larval batshock beast bursts into living lightning!
The living lightning hits the molten gargoyle.
The molten gargoyle resists.
Your larval batshock beast blinks!
The molten gargoyle hits your larval batshock beast with a +0 flail.
Your larval batshock beast is engulfed in flames!
Casting: Stone Arrow (mildly dangerous; 3% risk of failure)
Confirm with . or Enter, or press ? or * to list all spells.
Aiming: Stone Arrow (mildly dangerous; 3% risk of failure)
Press: ? - help, Shift-Dir - straight line, f/p - molten gargoyle
Aim: a molten gargoyle, wielding a +0 morningstar (severely damaged, 87% to hit)
You feel a surge of power!
The stone arrow hits the molten gargoyle!!
You destroy the molten gargoyle!
Your larval batshock beast barely misses the molten gargoyle.
The molten gargoyle hits your larval batshock beast with a +0 flail!
Your larval batshock beast dies!
Your larval batshock beast's corpse disappears in a puff of smoke!
Aiming: Iceblast
Press: ? - help, Shift-Dir - straight line The mass of ice explodes!
The iceblast engulfs the molten gargoyle!
The molten gargoyle is almost destroyed.
The molten gargoyle blasts magma at you!
The bolt of magma hits you!!
Aiming: Iceblast
Press: ? - help, Shift-Dir - straight line The mass of ice explodes!
The iceblast engulfs the molten gargoyle but does no damage.
The molten gargoyle is almost destroyed.
The now-empty wand crumbles to dust.
The molten gargoyle blasts magma at you!
The bolt of magma misses you.
Aiming: Quicksilver Bolt
Press: ? - help, Shift-Dir - straight line, f - molten gargoyle
Aim: a molten gargoyle, wielding a +0 flail (grey smoke, almost destroyed, 83% to hit)
The bolt of dispelling energy misses the molten gargoyle.
The molten gargoyle blasts magma at you!
The bolt of magma hits you!!
You die...

####'#######...........
#.............9........
#......###.)...........
#...#...≈§§§#§.........
#..#..#..)#§§##........
####.##..)##§##########
#..)).§.§§# #≈..)>)9§§#
#.....@§..# #.##...##.#
##..#...#..##
#.#...≈...#.#
#....###....#
#...........#
#..##.####### ##....#
####.#


You could see a molten gargoyle.

Vanquished Creatures
  A two-headed ogre (D:8)
  Amaemon (D:9)
  An ugly thing (D:8)
  A cyclops (D:6)
  Maurice (D:9)
  3 molten gargoyles (D:10)
  An orange demon (D:9)
  Maggie (D:8)
  An unseen horror zombie (D:8)
  A hornet (D:9)
  Prince Ribbit (D:9)
  2 water moccasins (D:6)
  3 acid dragons
  A black bear (D:7)
  3 orc warriors
  Duvessa (D:4)
  An ice beast (D:6)
  A sky beast (D:7)
  2 ogres
  3 centaurs
  A phantom (D:5)
  2 kobold brigands
  A wyvern zombie (D:8)
  Blork the orc (D:6)
  5 scorpions
  5 bullfrogs
  7 gnoll sergeants
  Dowan (D:4)
  9 wights
  9 killer bees
  7 howler monkeys
  2 centaur zombies (D:8)
  3 quasits (D:5)
  5 hounds
  3 jellies
  4 orc priests
  A gnoll bouda (D:6)
  4 sleepcaps
  3 iguanas
  Terence (D:3)
  7 orc wizards
  A howler monkey zombie (D:8)
  28 gnolls
  9 adders
  5 shadow imps
  A white imp (D:8)
  2 ufetubi (D:5)
  2 worms
  The ghost of gdog the Covert, a weakling GnDe (D:5)
  2 dart slugs
  24 orcs
  6 ball pythons
  5 endoplasms
  3 giant cockroaches
  3 goblins
  12 hobgoblins
  7 quokkas
  5 bats
  2 frilled lizards
  16 kobolds
  11 rats
256 creatures vanquished.

Notes
Turn   | Place    | Note
-------+----------+-------------------------------------------
     0 | D:1      | wingedge the Demigod Earth Elementalist began the quest for
                  | the Orb.
     0 | D:1      | Reached XP level 1. HP: 14/14 MP: 5/5
   273 | D:1      | Reached XP level 2. HP: 22/22 MP: 4/7
   946 | D:2      | Reached skill level 1 in Fighting
   946 | D:2      | Reached skill level 1 in Conjurations
   947 | D:2      | Reached XP level 3. HP: 28/28 MP: 4/8
  1083 | D:2      | Learned a level 3 spell: Stone Arrow
  1369 | D:2      | Found Pisagria's Book Boutique.
  1656 | D:2      | Reached XP level 4. HP: 35/35 MP: 5/9
  2170 | D:3      | Learned a level 2 spell: Passwall
  2583 | D:3      | Noticed Terence
  2588 | D:3      | Killed Terence
  2589 | D:3      | Reached XP level 5. HP: 40/40 MP: 1/11
  3049 | D:3      | Noticed a spectral centipede
  3049 | D:3      | Noticed a spectral black mamba
  3049 | D:3      | Noticed a spectral cane toad
  3602 | D:4      | Noticed Dowan
  3809 | D:4      | Reached XP level 6. HP: 42/48 MP: 1/13
  4044 | D:4      | Noticed Duvessa
  4075 | D:4      | Killed Duvessa
  4076 | D:4      | Killed Dowan
  4077 | D:4      | Reached skill level 1 in Ice Magic
  4449 | D:4      | Reached XP level 7. HP: 56/56 MP: 8/15
  4628 | D:4      | Learned a level 3 spell: Ozocubu's Armour
  4629 | D:5      | Entered Level 5 of the Dungeon
  5062 | D:5      | Found a transporter.
  5075 | D:5      | Found a transporter.
  5393 | D:5      | Noticed gdog's ghost (weakling GnDe)
  5548 | D:5      | Killed gdog's ghost
  5909 | D:5      | Reached skill level 1 in Armour
  6040 | D:2      | Bought a Young Poisoner's Handbook for 200 gold pieces
  6043 | D:2      | Learned a level 2 spell: Poisonous Vapours
  6300 | D:6      | Reached XP level 8. HP: 63/63 MP: 10/17
  6467 | D:6      | Reached skill level 1 in Air Magic
  6467 | D:6      | Reached skill level 1 in Poison Magic
  6481 | D:6      | Noticed Blork the orc
  6485 | D:6      | Killed Blork the orc
  6609 | D:6      | Noticed a cyclops
  6613 | D:6      | Killed a cyclops
  6614 | D:6      | Reached skill level 5 in Earth Magic
  6705 | D:6      | Reached skill level 5 in Conjurations
  6881 | D:6      | Reached skill level 5 in Spellcasting
  7359 | D:6      | Found a staircase to the Ecumenical Temple.
  7393 | D:6      | Found Oriori's Antique Weapon Emporium.
  7503 | D:6      | Reached XP level 9. HP: 69/69 MP: 10/20
 10232 | D:8      | Noticed a purple ugly thing
 10243 | D:8      | Killed a purple ugly thing
 10414 | D:8      | Reached skill level 1 in Shields
 10639 | D:8      | Noticed Maggie
 10645 | D:8      | Killed Maggie
 10646 | D:8      | Reached XP level 10. HP: 78/78 MP: 6/23
 11039 | D:8      | Noticed a two-headed ogre
 11063 | D:8      | Killed a two-headed ogre
 11549 | D:8      | Reached skill level 5 in Ice Magic
 11688 | D:8      | Found Zyenis's Jewellery Shop.
 11689 | D:8      | Identified the +0 scale mail of Restlessness {+Inv Regen+
                  | rCorr Int-4}
 11977 | D:9      | Noticed Amaemon
 12093 | D:9      | Killed Amaemon
 12254 | D:9      | Noticed Maurice
 12267 | D:9      | Killed Maurice
 12649 | D:9      | Noticed Prince Ribbit
 12661 | D:9      | Killed Prince Ribbit
 12775 | D:9      | Identified the +4 rapier of Doom {drain, Str+3 Dex+3}
 13103 | D:9      | Learned a level 4 spell: Olgreb's Toxic Radiance
 13809 | D:10     | Entered Level 10 of the Dungeon
 13913 | D:10     | Found a staircase to the Lair.
 14116 | D:10     | Reached XP level 11. HP: 76/85 MP: 4/25
 14280 | D:10     | Killed from afar by a molten gargoyle

Illustrated notes

Levels and vault maps discovered:
D:1:      psy_arrival_fountain, layout_basic, minmay_pentomino_s2
D:2:      layout_basic, hellmonk_ecumenical_altar_zigzags, serial_shops, shop,
          minmay_3d_cube
D:3:      layout_basic, pdpol_wu_jian_five_deadly_venoms, due_unseen_surprise,
          uniq_terence
D:4:      layout_cave_pools, mainiacjoe_overflow_surrounded_room,
          minmay_cut_off, uniq_duvessa
D:5:      layout_loops_ring, nicolae_dithmenos_shadow_blocks,
          gammafunk_ghost_stat_death
D:6:      kennysheep_housing_project, layout_loops_ring, temple_fountains,
          serial_shops, nicolae_shop_back_alley_shop, kb_rosetta,
          uniq_blork_the_orc
D:7:      layout_loops_corners
D:8:      minmay_distorted_concentric_squares, layout_basic, serial_shops,
          nicolae_shop_gaudy_bauble, serial_undead, serial_undead_d,
          serial_undead_e, serial_undead_c, serial_undead_b,
          corexii_corridor_pit, uniq_maggie, uniq_erica
D:9:      layout_stronghold, mainiacjoe_overflow_catwalk_spiral, uniq_amaemon,
          uniq_maurice, uniq_prince_ribbit1
D:10:     layout_roguey, tgw_xom, okawaru_metal_pillars_1_2, dpeg_oklobed_lair,
          kennysheep_path_1, grunt_ministairs_14, minivault_8

Skill      XL: |  1  2  3  4  5  6  7  8  9 10 |
---------------+-------------------------------+-----
Stealth        | 2 3 4 |  4.0
Spellcasting   | 2 3 4 5 6 |  6.8
Dodging        | 2 |  2.0
Fighting       | 1 2 3 4 |  4.6
Conjurations   | 1 3 4 5 6 |  6.2
Earth Magic    | 3 4 5 6 |  6.3
Ice Magic      | 1 2 3 4 5 |  5.4
Armour         | 1 3 4 |  4.3
Air Magic      | 2 3 4 |  4.0
Poison Magic   | 2 3 4 |  4.2
Shields        | 1 3 |  3.9
Necromancy     | |  0.8
Transmutations | |  0.8

Action                     |  1- 3 |  4- 6 |  7- 9 | 10-12 || total
---------------------------+-------+-------+-------+-------++-------
  Melee: Short sword       |     2 |    13 |    14 |       ||    29
         Battleaxe         |       |       |    15 |       ||    15
         Trident           |       |       |     1 |     9 ||    10
         Rapier            |       |       |       |    18 ||    18
         Staff             |       |       |       |    15 ||    15
   Cast: Sandblast         |    60 |    46 |    37 |    12 ||   155
         Stone Arrow       |       |    23 |   148 |    91 ||   262
         Passwall          |       |     2 |       |       ||     2
         Ozocubu's Armour  |       |       |     7 |     6 ||    13
         Poisonous Vapours |       |       |    16 |    17 ||    33
         Olgreb's Toxic Ra |       |       |       |     2 ||     2
  Evoke: Wand              |       |     4 |       |     5 ||     9
         Box of beasts     |       |       |       |     1 ||     1
    Use: Scroll            |       |     5 |     7 |     4 ||    16
         Potion            |       |       |       |     4 ||     4
 Armour: Robe              |     3 |     6 |    23 |       ||    32
         Acid dragon scale |       |       |    18 |    32 ||    50
  Dodge: Dodged            |    11 |    15 |    75 |    37 ||   138
  Block: Buckler           |       |       |     6 |    21 ||    27
